cohdb
Replays
Latest Replays
All Replays
Popular Replays
Top Player Replays
Match Explorer
How It Works
Community
CoH3 Stats
Reddit
Sign in to upload your games and track your stats! →
Sign in with Steam
Match 42767926
Unlisted
Match 42767926
Overview
Messages
Build Orders
End
Panzergrenadier Squad
Selects Panzerjäger Kommand Battlegroup
Kradschützen Motorcycle Team
Selects Mine Fields
Panzergrenadier Squad
Construct Light Support Kompanie
Fire Support Elements
Veteran Squad Leaders
le.IG 18 Mechanized Group
Panzergrenadier Squad
Selects Tank Busters
Selects Defensive Positions
2.5-tonne Medical Truck
Construct Mechanized Kompanie
Marder III Tank Destroyer
Panzergrenadier Squad
Selects Butterfly Bomb Drop
Butterfly Bomb Drop
Construct Panzerarmee Kommand
Selects Tank Busters
Panzerjäger Squad
Walking Stuka Rocket Launcher
Honey
khj
Zebra
스팀계정족같네
EX-K1
InTheBliTz
Kawling
先为不可胜
0
0
Comments
sign in to comment!
No comments posted yet!